 Dungeon Sprint DCSS version 0.24.0-123-gd5b16e6ec5 (webtiles) character file.

Game seed: 12388805468929523976, levelgen mode: deterministic

249 McKennaii the Destroyer (level 5, -1/38 (39) HPs)
             Began as a Draconian Conjurer on Jan 26, 2020.
             Slain by a necrophage (5 damage)
             ... in the Dungeon (Sprint II: "The Violet Keep of Menkaure").
             The game lasted 00:00:22 (49 turns).

McKennaii the Destroyer (Draconian Conjurer)          Turns: 49, Time: 00:00:22

HP:   -1/38 (39)    AC:  5    Str: 10    XL:     5   Next: 87%
MP:   0/12          EV: 13    Int: 17    God:
Gold: 0             SH:  0    Dex: 11    Spells: 13/14 levels left

rFire    . . .     SeeInvis .   (no weapon)
rCold    . . .     Gourm    .   (no shield)
rNeg     . . .     Faith    .   (armour unavailable)
rPois    .         Spirit   .   (helmet restricted)
rElec    .         Reflect  .   (no cloak)
rCorr    .         Harm     .   (no gloves)
MR       .....     NoTele   +   (no boots)
Stlth    ++........             (no amulet)
HPRegen  0.12/turn              (no ring)
MPRegen  0.13/turn              (no ring)

@: berserk cooldown
A: unfitting armour, cold-blooded, AC +5
a: no special abilities


You were in the Dungeon.
You were not hungry.

You visited 1 branch

Inventory:

Scrolls
 h - a scroll of blinking
Potions
 c - a potion of curing
 e - a potion of haste
 f - 2 potions of magic
Comestibles
 b - a ration


   Skills:
 + Level 0.9 Fighting
 + Level 3.5 Dodging
 + Level 3.4 Stealth
 * Level 5.4 Spellcasting
 + Level 10.5 Conjurations


You had 13 spell levels left.
You knew the following spells:

 Your Spells              Type           Power        Failure   Level  Hunger
a - Magic Dart            Conj           ####         1%          1    None

Your spell library contained the following spells:

 Spells                   Type           Power        Failure   Level  Hunger
 Searing Ray              Conj           #####.       1%          2    #......
 Iskenderun's Mystic Bla  Conj           #####...     1%          4    ####...
 Dazzling Spray           Conj/Hex       ###...       4%          3    ##.....
 Force Lance              Conj/Tloc      ###.....     16%         4    ####...
 Fulminant Prism          Conj/Hex       ###.......   16%         4    ####...


Dungeon Overview and Level Annotations

Branches:
Dungeon (1/1)

Altars:


Innate Abilities, Weirdness & Mutations

Your plain brown scales are hard. (AC +5)
You cannot fit into any form of body armour.
You are cold-blooded and may be slowed by cold attacks.


Message History

You hit the necrophage.
The necrophage is lightly damaged.
The necrophage hits you.
* * * LOW HITPOINT WARNING * * *
You hit the necrophage.
The necrophage is lightly damaged.
The necrophage hits you but does no damage.
You hit the necrophage but do no damage.
Your tail-slap misses the necrophage.
The necrophage is lightly damaged.
The necrophage barely misses you.
Casting: Magic Dart (safe; 1% risk of failure)
Confirm with . or Enter, or press ? or * to list all spells.
Aiming: Magic Dart (safe; 1% risk of failure)
Press: ? - help, Shift-Dir - straight line, f - necrophage
Aim: a necrophage (lightly damaged)
The magic dart hits the necrophage but does no damage.
The necrophage is lightly damaged.
The necrophage hits you.
You die...

## ## ##.
.## #..
..# #
#.#.# ##.
#n#
#.w.##@##
#+.<.+
#$w.##.##
##. #+# #


You could see a necrophage.

Vanquished Creatures
  3 necrophages (D)
3 creatures vanquished.

Vanquished Creatures (others)
  A crocodile (D)
1 creature vanquished.

Grand Total: 4 creatures vanquished

Notes
Turn   | Place    | Note
-------+----------+-------------------------------------------
     0 | D        | McKennaii the Draconian Conjurer began the quest for the
                  | Orb.
     0 | D        | Reached XP level 1. HP: 14/14 MP: 3/3
     1 | D        | Noticed a tyrant leech
     1 | D        | Noticed a tyrant leech
     5 | D        | Noticed a necrophage
     5 | D        | Noticed a necrophage
     5 | D        | Noticed a necrophage
     5 | D        | Noticed a necrophage
    15 | D        | Killed a necrophage
    15 | D        | Reached skill level 7 in Conjurations
    15 | D        | Reached XP level 2. HP: 18/20 MP: 3/6
    15 | D        | Reached XP level 3. HP: 23/26 MP: 4/8
    15 | D        | Reached XP level 4. HP: 29/33 MP: 4/9
    23 | D        | Killed a necrophage
    23 | D        | Reached skill level 9 in Conjurations
    23 | D        | Reached XP level 5. HP: 18/36 MP: 0/12
    40 | D        | Killed a crocodile
    45 | D        | Killed a necrophage
    45 | D        | Reached skill level 5 in Spellcasting
    45 | D        | Reached skill level 10 in Conjurations
    49 | D        | Slain by a necrophage

Levels and vault maps discovered:
D:        the_violet_keep_of_menkaure [sprint2_stairs_cluster_1,
          sprint2_shoproom, sprint2_temple, sprint2_basic_supplies,
          sprint2_obstacle_6, sprint2_obstacle_5, sprint2_obstacle_7,
          sprint2_obstacle_3, sprint2_obstacle_4, sprint2_timed_cluster_1,
          sprint2_smallroom_cluster_1, sprint2_smallroom_final_cluster_1,
          sprint2_transparent_cluster_1, sprint2_second_timed_cluster_1,
          sprint2_sniper_area_1, sprint2_heavy_combat_area_1,
          sprint2_mutation_trap_area_1, sprint2_forest_area_1,
          sprint2_light_combat_area_1, sprint2_behind_water_1,
          sprint2_near_end_vault_1]

Skill      XL: |  1  2  3  4  5 |
---------------+----------------+-----
Dodging        | 2 3 |  3.5
Stealth        | 2 3 |  3.4
Spellcasting   | 3 4 5 |  5.4
Conjurations   | 7 9 10 | 10.5
Fighting       | |  0.9

Action                   |  1- 3 |  4- 6 || total
-------------------------+-------+-------++-------
Melee: Unarmed           |     9 |    22 ||    31
       Tailslap          |       |     1 ||     1
 Cast: Magic Dart        |       |     9 ||     9
  Use: Potion            |     1 |     1 ||     2
Armor: Skin              |     2 |     7 ||     9
Dodge: Dodged            |     1 |    25 ||    26
